 Dungeon Sprint DCSS version 0.32-a0-876-gcfddb08e57 (webtiles) character file.

Game seed: 10446731619957394260

77 Griffin23 the Covered (level 4, 0/66 HPs)
             Began as a Minotaur Fighter on Apr 1, 2024.
             Drowned by a water elemental (6 damage)
             ... in the Dungeon (Sprint III: "The Ten Rune Challenge").
             The game lasted 00:01:22 (172 turns).

Griffin23 the Covered (Minotaur Fighter)             Turns: 172, Time: 00:01:22

Health: 0/66       AC:  7    Str: 23    XL:     4   Next: 14%
Magic:  3/3        EV:  8    Int:  5    God:
Gold:   11         SH:  4    Dex:  9    Spells: 3/3 levels left

rFire   . . .        a - +0 long sword
rCold   . . .        c - +0 buckler
rNeg    . . .        b - +0 scale mail
rPois   .            (helmet restricted)
rElec   .            (no cloak)
rCorr   .            (no gloves)
SInv    .            (no boots)
Will    .....        k - amulet of regeneration Stlth
                     (no ring)
HPRegen 1.11/turn    (no ring)
MPRegen 0.08/turn

%: no teleportation
@: berserking, engulfed (cannot breathe), hasted, very quick
A: horns 2, retaliatory headbutt
a: no special abilities


You were in the Dungeon.
You visited 1 branch You collected 11 gold pieces.

Inventory:

Hand Weapons
 a - a +0 long sword (weapon)
Armour
 b - a +0 scale mail (worn)
 c - a +0 buckler (worn)
Jewellery
 k - an amulet of regeneration (around neck)
Scrolls
 j - a scroll of blinking
 m - a scroll of torment {unknown}
 n - 2 scrolls of identify {unknown}
 p - a scroll of immolation {unknown}
Potions
 d - a potion of might
 e - a potion of curing
 f - a potion of heal wounds
 h - 2 potions of magic
 l - 5 potions of mutation
 o - 2 potions of enlightenment {unknown}


   Skills:
 + Level 6.1 Fighting
 * Level 5.1 Long Blades
 + Level 6.4 Armour
 + Level 5.8 Shields


You had 3 spell levels left.
You didn't know any spells.
Your spell library was empty.

Dungeon Overview and Level Annotations

Branches:
Dungeon (1/1)

Altars:


Innate Abilities, Weirdness & Mutations

You have a pair of horns on your head.
You reflexively headbutt those who attack you in melee.


Message History

o - a fuming dark potion No target in view!
l - 4 potions of mutation (gained 1);
p - a scroll labelled ZAL OTAPUCH
n - 2 scrolls labelled PUHACA JAEWORU (gained 1)
l - 5 potions of mutation (gained 1);
o - 2 fuming dark potions (gained 1)
There is an open door here.
You enter the shallow water.
Moving in this stuff is going to be slow.
You open the door.
A water elemental comes into view.
A water elemental is nearby!
The water elemental hits you!
The water elemental engulfs you in water!
There is an open door to the Ecumenical Temple here.
You barely miss the water elemental.
Your lungs strain for air!
You block the water elemental's attack.
You hit the water elemental.
The water elemental is lightly damaged.
Your lungs strain for air!
The water elemental hits you.
You are too injured to fight recklessly!
You are too injured to fight recklessly!
You are too injured to fight recklessly!
You slash the water elemental!
The water elemental is moderately damaged.
* * * LOW HITPOINT WARNING * * *
Your lungs strain for air!
The water elemental hits you. The water elemental closely misses you.
You feel yourself speed up.
* * * LOW HITPOINT WARNING * * *
Your lungs strain for air!
The water elemental barely misses you.
A red film seems to cover your vision as you go berserk!
You feel yourself moving faster!
You feel mighty!
* * * LOW HITPOINT WARNING * * *
Your lungs strain for air!
You closely miss the water elemental. You headbutt the water elemental!
The water elemental is severely damaged.
You die...

▓▓▓▓▓▓▓▓▓▓ ▓▓▓
.#..'....♣♣♣ ♣.#
.#..#....♣.♣ ♣♣.#
'####....♣.♣ ♣..#
....#....~.♣♣♣..###+#+##
....#...~~♣♣..♣.#.......
...)#..~~~~♣..♣.@.⌠.....
###'#..~≈≈~~~♣♣.#E..####
....#.~~≈~~~....#.⌠.#
....#.~≈~~~.....#...#
....#.~~~.......#+###
#####...........#
................#
▓▓▓▓▓▓▓▓▓▓▓▓▓▓▓▓▓


You could see a water elemental.

Vanquished Creatures
  A scorpion (D)
  A human (D)
  An endoplasm (D)
  3 rats (D)
6 creatures vanquished.

Notes
Turn   | Place    | Note
-------+----------+-------------------------------------------
     0 | D        | Griffin23 the Minotaur Fighter began the quest for the Orb.
     0 | D        | Reached XP level 1. HP: 19/19 MP: 0/0
   114 | D        | Reached skill level 5 in Fighting
   114 | D        | Reached skill level 5 in Armour
   114 | D        | Reached XP level 2. HP: 29/29 MP: 1/1
   115 | D        | Noticed a scorpion
   125 | D        | Killed a scorpion
   126 | D        | Reached skill level 5 in Long Blades
   126 | D        | Reached skill level 5 in Shields
   126 | D        | Reached XP level 3. HP: 33/37 MP: 2/2
   126 | D        | Reached XP level 4. HP: 39/44 MP: 3/3
   165 | D        | Noticed a water elemental
   172 | D        | Drowned by a water elemental

Illustrated notes

Levels and vault maps discovered:
D:        dungeon_sprint_mu [sprint_mu_entry_forest, sprint_mu_temple_rooms,
          sprint_mu_d1_horrors, sprint_mu_d2_genie, sprint_mu_d3_branching,
          sprint_mu_orc_legion, sprint_mu_elf_gauntlet, sprint_mu_hive_nellie,
          sprint_mu_lair_fedhas, sprint_mu_vaults_butterflies,
          sprint_mu_slime_circle, sprint_mu_shoals_archi,
          sprint_mu_snake_twists, sprint_mu_blade_basic,
          sprint_mu_crypt_fortress, sprint_mu_tomb_spiral,
          sprint_mu_vestibule_basic, sprint_mu_gehenna_hellfire,
          sprint_mu_dis_giant, sprint_mu_tartarus_statrot,
          sprint_mu_cocytus_islands, sprint_mu_zot1]

Skill      XL: |  1  2 |
---------------+-------+-----
Fighting       | 5 6 |  6.1
Armour         | 5 6 |  6.4
Shields        | 4 5 |  5.8
Long Blades    | 3 5 |  5.1

Action                     |  1- 3 |  4- 6 || total
---------------------------+-------+-------++-------
  Melee: Long sword        |    23 |     4 ||    27
         Headbutt          |     3 |     1 ||     4
    Use: Potion            |       |     2 ||     2
 Armour: Scale mail        |    13 |     3 ||    16
  Dodge: Dodged            |     8 |     2 ||    10
  Block: Buckler           |     3 |     1 ||     4

Table legend: (Time is in decaauts)
 A = Elapsed time spent in this place.
 B = Non-inter-level travel time spent in this place.
 C = Inter-level travel time spent in this place.
 D = Time resting spent in this place.
 E = Time spent auto-exploring this place.
 F = Levels seen in this place.
 G = Mean time per level.
                   A        B        C        D        E       F      G
               +--------+--------+--------+--------+--------+-----+--------+
         Total |    183 |    183 |      0 |      0 |    125 |   1 |  183.0 |
       Dungeon |    183 |    183 |      0 |      0 |    125 |   1 |  183.0 |
               +--------+--------+--------+--------+--------+-----+--------+

Top non-repeatable levels by time:
       D: 183 daAuts
